 Dungeon Crawl Stone Soup version 0.23.2 (webtiles) character file.

Game seed: 10157195411566396722

2020 Norn the Ruffian (level 9, 0/75 HPs)
             Began as a Pale Draconian Transmuter on Apr 11, 2019.
             Was an Initiate of Makhleb.
             Slain by an orc warrior
             ... wielding a +1 hand axe of flaming
              (1 damage)
             ... on level 7 of the Dungeon on Apr 12, 2019.
             The game lasted 00:30:34 (7243 turns).

Norn the Ruffian (Pale Draconian Transmuter)        Turns: 7243, Time: 00:30:35

Health: 0/75       AC:  8    Str: 13    XL:     9   Next: 3%
Magic:  10/12      EV: 14    Int: 17    God:    Makhleb [......]
Gold:   221        SH:  0    Dex: 11    Spells: 2/12 levels left

rFire    + . .     SeeInvis .   u - +2 dagger (elec)
rCold    + . .     Gourm    .   (no shield)
rNeg     . . .     Faith    .   (armour unavailable)
rPois    .         Spirit   .   (helmet restricted)
rElec    .         Reflect  .   v - scarf {rC+ rF+}
rCorr    .         Harm     .   q - +0 pair of gloves
MR       .....                  (no boots)
Stlth    +.........             (no amulet)
HPRegen  0.22/turn              n - +1 ring of slaying
MPRegen  0.13/turn              (no ring)

@: lethally poisoned (0 -> -1)
A: breathe steam, unfitting armour, cold-blooded, AC +7
a: Breathe Steam, Renounce Religion


You were on level 7 of the Dungeon.
You worshipped Makhleb.
Makhleb was noncommittal.
You were near starving.

You visited 2 branches of the dungeon, and saw 8 of its levels.
You also visited: Sewer.

You collected 303 gold pieces.
You spent 82 gold pieces at shops.

Inventory:

Hand Weapons
 u - a +2 dagger of electrocution (weapon)
   (You took it off a kobold on level 3 of the Dungeon)
Missiles
 a - 71 arrows
 d - 203 stones (quivered)
 s - 28 poisoned needles
Armour
 i - a +0 shield
   (You found it on level 1 of the Dungeon)
 q - a +0 pair of gloves (worn)
   (You found it on level 2 of the Dungeon)
 v - a scarf of resistance (worn)
   (You found it on level 3 of the Dungeon)
Jewellery
 n - a +1 ring of slaying (left hand)
   (You found it on level 2 of the Dungeon)
 C - an uncursed ring of ice
   (You found it on level 5 of the Dungeon)
Wands
 t - a wand of flame (52)
   (You found it on level 3 of the Dungeon)
 x - a wand of enslavement (7)
   (You found it on level 3 of the Dungeon)
Scrolls
 b - 7 scrolls of identify {@r1}
 c - a scroll of fog
 l - 2 scrolls of remove curse {@r2}
 o - 3 scrolls of enchant weapon {unknown}
 p - 2 scrolls of noise {unknown}
 r - a scroll of enchant armour {unknown}
 y - 3 scrolls of blinking
 z - 3 scrolls of teleportation {unknown}
 A - a scroll of fear {unknown}
 D - a scroll of amnesia {unknown}
Potions
 f - 2 potions of cancellation {unknown}
 g - a potion of flight {unknown}
 h - 2 potions of invisibility {unknown}
 j - 3 potions of lignification {unknown}
 k - 6 potions of curing {@q1}
 m - 2 potions of degeneration {unknown}
 w - 2 potions of ambrosia {unknown}
 B - a potion of heal wounds {@q2}
 E - a potion of haste {@q3}
 F - a potion of brilliance {unknown}
Comestibles
 e - 15 rations {!d}


   Skills:
 + Level 5.9 Fighting
 + Level 5.0 Dodging
 - Level 6.3 Unarmed Combat
 - Level 2.0 Spellcasting
 - Level 6.0 Transmutations
 * Level 4.0 Earth Magic


You had 2 spell levels left.
You knew the following spells:

 Your Spells              Type           Power        Failure   Level  Hunger
a - Beastly Appendage     Tmut           ###...       1%          1    #......
b - Petrify               Tmut/Erth      ###.....     24%         4    #####..
s - Sticks to Snakes      Tmut           ###.....     2%          2    ###....
x - Spider Form           Tmut/Pois      ##........   17%         3    ###....

Your spell library contained the following spells:

 Spells                   Type           Power        Failure   Level  Hunger
 Sandblast                Erth           ###...       3%          1    #......
 Passwall                 Tmut/Erth      ###.....     3%          2    ###....
 Animate Skeleton         Necr           N/A          19%         1    #......
 Apportation              Tloc           #.....       19%         1    #......
 Confusing Touch          Hex            #.....       19%         1    #......
 Corona                   Hex            #......      19%         1    #......
 Flame Tongue             Conj/Fire      #....        19%         1    #......
 Summon Small Mammal      Summ           #...         19%         1    #......
 Slow                     Hex            #.......     28%         2    ###....
 Throw Flame              Conj/Fire      #.....       28%         2    ###....
 Stone Arrow              Conj/Erth      #.....       26%         3    ###....
 Blade Hands              Tmut           ###.......   41%         5    ######.
 Conjure Flame            Conj/Fire      #.......     50%         3    ###....
 Inner Flame              Hex/Fire       #.......     50%         3    ###....
 Portal Projectile        Hex/Tloc       #.....       50%         3    ###....
 Ice Form                 Ice/Tmut       ##......     50%         4    #####..
 Leda's Liquefaction      Hex/Erth       #.........   63%         4    #####..
 Lee's Rapid Deconstruct  Erth           ###.......   71%         5    ######.
 Cause Fear               Hex            #.........   88%         4    #####..
 Sticky Flame             Conj/Fire      #.......     88%         4    #####..
 Fireball                 Conj/Fire      #.........   99%         5    ######.


Dungeon Overview and Level Annotations

Branches:
Dungeon (7/15)             Temple (1/1) D:6

Altars:
Ashenzari
Cheibriados
Dithmenos
Elyvilon
Fedhas
Gozag
Hepliaklqana
Kikubaaqudgha
Makhleb
Nemelex Xobeh
Okawaru
Qazlal
Ru
Sif Muna
Trog
Uskayaw
Wu Jian
Xom
Yredelemnul
Zin

Shops:
D:5 :=*}(


Innate Abilities, Weirdness & Mutations

You can breathe blasts of scalding, opaque steam.
Your pale cyan-grey scales are hard. (AC +7)
You cannot fit into any form of body armour.
You are cold-blooded and may be slowed by cold attacks.


Message History

You swap places.
You feel sick.
You feel sick.
You feel sick.
You feel sick.
The orc warrior hits your ball python with a +1 hand axe of flaming!
The orc warrior burns your ball python.
Your ball python dies!
What are your orders? t - Shout!
Orders for allies: a - Attack new target. r - Retreat! s - Stop attacking. g - Guard the area. f - Follow me.
Anything else - Cancel.
Gang up on whom?
Aim: an orc warrior, wielding a +1 hand axe of flaming and wearing a +0 plate armour (severely wounded) Attack!
You feel sick.
The orc warrior misses your ball python.
Your ball python misses the orc warrior.
Your ball python grabs the orc warrior.
Your ball python constricts the orc warrior.
The orc warrior hits your ball python with a +1 hand axe of flaming!!
The orc warrior burns your ball python.
Your ball python dies!
You feel sick.
You exhale a blast of scalding steam.
The ball of steam hits the orc warrior but does no damage.
You are near starving!
You feel sick.
You closely miss the orc warrior.
The orc warrior hits you but does no damage.
You barely miss the orc warrior.
You feel sick.
The orc is engulfed in a cloud of scalding steam.
You kill the orc!
Makhleb accepts your kill.
The orc warrior hits you with a +1 hand axe of flaming.
* * * LOW HITPOINT WARNING * * *
You completely miss the orc warrior.
You feel sick.
You feel sick. The orc warrior misses you.
You feel sick.
You feel sick.
You have got your breath back.
You feel sick.
You feel sick.
Casting: Sticks to Snakes (safe; 2% risk of failure)
You create a snake!
You now have 71 arrows.
The orc warrior hits you with a +1 hand axe of flaming!!
* * * LOW HITPOINT WARNING * * *
The orc warrior burns you.
You die...

....<... ..........###.# #.#
....#### ##........#o# #.#
....... #....#...#o# #.# ....###
####<#####[# #.# .......
<.........# #.# #.# ######.
.########.###.#######.## #
#..o....)(.......... #
#.###.###.#######.#. # #.o@.S#
#.# #.#.
######.###############(#######.#.
.......##......................#.
#########.############.#########.
# #.# #########.#########.
#########.# #...................
..........# #.#######.##########
########### #.#######.#
#.........#


You could see an orc warrior and a friendly adder.

Vanquished Creatures
  Prince Ribbit (D:5)
  2 ogres (D:6)
  2 centaurs
  Blork the orc (D:5)
  3 bullfrogs
  A scorpion (D:6)
  3 electric eels (D:6)
  A howler monkey (D:6)
  4 crimson imps
  4 orc priests (D:6)
  A bullfrog skeleton (D:6)
  4 hounds
  3 orc wizards
  4 worker ants
  An iguana (D:6)
  A hound zombie (D:5)
  A worker ant zombie (D:7)
  A howler monkey zombie (D:6)
  4 gnolls (D:6)
  10 adders
  A shadow imp (D:6)
  4 oozes (Sewer)
  4 worms
  2 dart slugs
  16 leopard geckos
  20 orcs
  16 giant cockroaches
  8 goblins
  7 hobgoblins
  11 jackals
  5 quokkas
  9 ball pythons (Sewer)
  11 bats
  9 frilled lizards
  A jackal skeleton (D:4)
  A jackal zombie (D:5)
  11 kobolds
  A leopard gecko skeleton (D:6)
  A leopard gecko zombie (D:5)
  A quokka skeleton (D:5)
  5 rats
196 creatures vanquished.

Vanquished Creatures (collateral kills)
  An ogre (D:3)
  2 ball pythons
  A goblin (D:3)
  A frilled lizard (Sewer)
5 creatures vanquished.

Grand Total: 201 creatures vanquished

Notes
Turn   | Place    | Note
-------+----------+-------------------------------------------
     0 | D:1      | Norn the Draconian Transmuter began the quest for the Orb.
     0 | D:1      | Reached XP level 1. HP: 16/16 MP: 3/3
   316 | D:1      | Reached XP level 2. HP: 23/23 MP: 3/5
   805 | D:1      | Reached XP level 3. HP: 29/29 MP: 6/6
  1075 | D:2      | Found a stormy altar of Qazlal.
  1077 | D:2      | Found a hide-covered altar of Uskayaw.
  1077 | D:2      | Found a sparkling altar of Nemelex Xobeh.
  1077 | D:2      | Found a shattered altar of Ashenzari.
  1601 | D:2      | Learned a level 2 spell: Sticks to Snakes
  1690 | D:2      | Found a white marble altar of Elyvilon.
  1867 | D:3      | Reached XP level 4. HP: 36/36 MP: 7/7
  2267 | D:3      | Noticed an ogre
  2303 | D:3      | Killed an ogre
  2303 | D:3      | Reached skill level 5 in Unarmed Combat
  2303 | D:3      | Reached XP level 5. HP: 27/41 MP: 0/8
  3071 | D:4      | Reached XP level 6. HP: 46/48 MP: 9/9
  3124 | D:4      | Found a glowing drain.
  3128 | Sewer    | Entered a sewer
  3903 | Sewer    | Learned a level 3 spell: Spider Form
  4503 | D:5      | Entered Level 5 of the Dungeon
  4515 | D:4      | Your scales start taking on a pale cyan-grey colour.
  4515 | D:4      | Reached XP level 7. HP: 57/57 MP: 8/10
  4539 | D:5      | Found Nim Rerph's General Store.
  4548 | D:5      | Bought a scroll of blinking for 82 gold pieces
  4572 | D:5      | Found Susche Uph's Weapon Boutique.
  4591 | D:5      | Found Cebusis's Gadget Emporium.
  4607 | D:5      | Noticed Prince Ribbit
  4648 | D:5      | Killed Prince Ribbit
  4794 | D:5      | Found Mual's Jewellery Emporium.
  4828 | D:5      | Found Siffyo's Book Emporium.
  4883 | D:5      | You fall through a shaft!
  4943 | D:6      | Reached skill level 5 in Transmutations
  5167 | D:6      | Reached XP level 8. HP: 58/66 MP: 11/11
  5227 | D:5      | Noticed Blork the orc
  5230 | D:5      | Killed Blork the orc
  5823 | D:6      | Learned a level 4 spell: Petrify
  5893 | D:6      | Reached skill level 5 in Fighting
  5893 | D:6      | Reached skill level 1 in Earth Magic
  6181 | D:6      | Found a staircase to the Ecumenical Temple.
  6190 | Temple   | Entered the Ecumenical Temple
  6441 | Temple   | Became a worshipper of Makhleb the Destroyer
  7042 | D:7      | Reached XP level 9. HP: 75/75 MP: 12/12
  7139 | D:7      | Reached skill level 5 in Dodging
  7243 | D:7      | HP: 1/75 [orc warrior/+1 hand axe of flaming (18)]
  7243 | D:7      | Slain by an orc warrior

Skill      XL: |  1  2  3  4  5  6  7  8  9 |
---------------+----------------------------+-----
Dodging        | 2 3 4 5 |  5.0
Fighting       | 2 3 4 5 |  5.9
Unarmed Combat | 4 5 6 |  6.3
Transmutations | 3 5 6 |  6.0
Earth Magic    | 3 4 |  4.0
Spellcasting   | |  2.0

Action                   |  1- 3 |  4- 6 |  7- 9 || total
-------------------------+-------+-------+-------++-------
Melee: Unarmed           |   123 |    12 |    10 ||   145
       Kick              |     8 |    11 |     1 ||    20
       Tailslap          |     4 |    19 |    21 ||    44
       Punch             |     1 |     5 |     1 ||     7
       Dagger            |       |   270 |   143 ||   413
       Headbutt          |       |     5 |       ||     5
Throw: Stone             |    13 |     2 |     1 ||    16
 Cast: Beastly Appendage |    15 |    17 |       ||    32
       Sticks to Snakes  |       |     8 |     2 ||    10
       Spider Form       |       |       |     2 ||     2
 Abil: Breathe Steam     |       |       |    18 ||    18
Evoke: Wand              |       |       |     3 ||     3
  Use: Potion            |     1 |     1 |       ||     2
       Scroll            |       |     6 |       ||     6
 Stab: Sleeping          |     1 |       |       ||     1
  Eat: Chunk             |     3 |    11 |     9 ||    23
Armor: Skin              |    43 |   107 |    34 ||   184
Dodge: Dodged            |    79 |   212 |   106 ||   397
